 Dungeon Crawl Stone Soup version 0.28-a0-1555-g9ae15a6949 (webtiles) character file.

Game seed: 3519327580436732879

4917 HallandMoats the Fighter (level 10, -4/93 HPs)
             Began as a Ghoul Monk on Jan 18, 2022.
             Was a High Priest of Dithmenos.
             Slain by a hell rat (15 damage)
             ... on level 1 of the Lair of Beasts.
             The game lasted 00:13:52 (9258 turns).

HallandMoats the Fighter (Ghoul Monk)               Turns: 9258, Time: 00:13:52

Health: -4/93      AC: 10    Str: 32    XL:     10   Next: 51%
Magic:  9/9        EV: 13    Int:  5    God:    Dithmenos [*****.]
Gold:   293        SH:  0    Dex: 11    Spells: 9/9 levels left

rFire   + . .      SeeInvis .   a - +4 hand axe "Irchizan" {vamp, rElec}
rCold   + + +      Faith    .   (no shield)
rNeg    + + +      Spirit   .   d - +3 ring mail {rC+}
rPois   ∞          Reflect  .   D - +0 helmet
rElec   +          Harm     .   l - scarf {rC+ rF+}
rCorr   .          Rampage  .   (no gloves)
Will    .....                   (no boots)
Stlth   ++........              (no amulet)
HPRegen 0.00/turn               t - +6 ring of strength
MPRegen 0.11/turn               p - +6 ring of strength

@: inhibited regen, wreathed by umbra
A: claws 1, cold resistance 1, negative energy resistance 3, inhibited
regeneration, torment resistance 2
a: Renounce Religion, Shadow Step, Shadow Form


You were on level 1 of the Lair of Beasts.
You worshipped Dithmenos.
Dithmenos was extremely pleased with you.
You visited 2 branches of the dungeon, and saw 9 of its levels.

You collected 293 gold pieces.

Inventory:

Hand Weapons
 a - the +4 hand axe "Irchizan" (weapon) {vamp, rElec}
   (You took it off a goblin on level 4 of the Dungeon)

   It occasionally heals its wielder for a portion of the damage dealt when it
   wounds a living foe.
   rElec:     It insulates you from electricity.
Missiles
 q - 9 curare-tipped darts (quivered)
Armour
 d - a +3 ring mail of cold resistance (worn)
 l - a scarf of resistance (worn)
 D - a +0 helmet (worn)
Jewellery
 c - a +4 ring of evasion
 o - a +6 ring of dexterity
 p - a +6 ring of strength (right claw)
 t - a +6 ring of strength (left claw)
 v - a +4 ring of protection
Wands
 w - a wand of iceblast (21)
 x - a wand of flame (17)
Scrolls
 e - 3 scrolls of teleportation
 g - a scroll of magic mapping
 h - 3 scrolls of identify
 j - 2 scrolls of fog
 m - a scroll of fear
 r - a scroll of amnesia
 y - 3 scrolls of silence
 B - 2 scrolls of immolation
 E - a scroll of enchant armour {unknown}
Potions
 b - 3 potions of degeneration {unknown}
 f - 4 potions of heal wounds {unknown}
 i - a potion of brilliance {unknown}
 k - a potion of haste {unknown}
 n - a potion of attraction {unknown}
 s - 3 potions of curing {unknown}
 u - a potion of resistance {unknown}
 z - a potion of cancellation {unknown}
 A - a potion of flight {unknown}
 C - a potion of magic {unknown}


   Skills:
 * Level 10.3 Fighting
 * Level 8.5 Axes
 + Level 5.5 Armour
 + Level 6.2 Dodging
 - Level 2.1 Stealth


You had 9 spell levels left.
You didn't know any spells.
Your spell library contained the following spells:

 Spells                   Type           Power      Damage    Failure   Level
 Animate Skeleton         Necr           0%         N/A       58%         1
 Apportation              Tloc           0%         N/A       58%         1
 Sandblast                Erth           0%         2d4       58%         1
 Summon Small Mammal      Summ           0%         N/A       58%         1
 Passwall                 Tmut/Erth      0%         N/A       73%         2
 Inner Flame              Hex/Fire       0%         N/A       91%         3
 Stone Arrow              Conj/Erth      0%         3d7       91%         3
 Cause Fear               Hex            0%         N/A       100%        4
 Passage of Golubria      Tloc           0%         N/A       100%        4
 Summon Ice Beast         Ice/Summ       0%         N/A       100%        4
 Silence                  Hex/Air        0%         N/A       100%        5
 Summon Mana Viper        Hex/Summ       0%         N/A       100%        5
 Monstrous Menagerie      Summ           0%         N/A       100%        7
 Discord                  Hex            0%         N/A       100%        8
 Lehudib's Crystal Spear  Conj/Erth      0%         10d2      100%        8


Dungeon Overview and Level Annotations

Branches:
Dungeon (8/15)             Temple (0/1) D:4            Lair (1/6) D:8

Altars:
Dithmenos
Ru

Shops:
D:7 (


Innate Abilities, Weirdness & Mutations

You thrive by killing the living.
You are immune to poison.
You have sharp fingernails.
Your flesh is cold resistant. (rC+)
You are immune to negative energy. (rN+++)
You do not regenerate when monsters are visible.
You are immune to unholy pain and torment.


Message History

Your shadow hits the bullfrog with a hand axe.
You kill the bullfrog!
Dithmenos accepts your kill.
You feel better.
You barely miss the hell rat. The hell rat bites you.
You hit the hell rat.
The hell rat is lightly wounded.
The hell rat bites you!
You hit the hell rat.
The hell rat is heavily wounded.
Your shadow hits the hell rat but does no damage.
The hell rat bites you but does no damage.
You slash the hell rat!
You kill the hell rat!
Dithmenos accepts your kill.
You closely miss the hell rat.
The hell rat bites you but does no damage.
You barely miss the hell rat.
Your shadow hits the hell rat but does no damage.
The hell rat bites you!
You barely miss the hell rat. The hell rat closely misses you.
You slash the hell rat!
The hell rat is heavily wounded.
Your shadow misses the hell rat. The hell rat closely misses you.
You closely miss the hell rat. Your claw misses the hell rat.
The hell rat is heavily wounded.
The hell rat closely misses you.
You hit the hell rat but do no damage.
The hell rat is heavily wounded.
Your shadow hits the hell rat with a hand axe.
The hell rat bites you!
* * * LOW HITPOINT WARNING * * *
You completely miss the hell rat.
The hell rat is severely wounded.
The hell rat bites you!
* * * LOW HITPOINT WARNING * * *
You hit the hell rat.
The hell rat is almost dead.
The hell rat bites you!
You die...

###... # #....#
#.##....# #.......#
##.....#.#####
.....#.......#
.......††...#
.#####....r## ...
###....#@#########....
..!....................
##..##.#...≈≈≈≈≈≈≈≈....
####.....≈≈≈≈≈≈≈≈....
#....≈≈≈≈≈≈≈≈≈≈.#
.......≈≈≈≈≈≈≈≈≈.#
##.....≈≈≈≈.<.≈≈≈≈###
#......≈≈≈...≈≈≈....
#....#.≈≈≈≈†≈≈≈≈≈##.


You could see a hell rat.

Vanquished Creatures
  Joseph (D:8)
  A polar bear (Lair:1)
  A steam dragon (D:7)
  Edmund (D:4)
  7 water moccasins
  Duvessa (D:6)
  3 orc warriors
  A necrophage (D:7)
  An ice beast (D:8)
  A black bear (D:5)
  4 ogres
  2 wolves (Lair:1)
  3 centaurs
  2 phantoms
  4 kobold brigands
  2 bullfrogs
  2 scorpions
  Dowan (D:6)
  A water moccasin skeleton (D:6)
  4 wights (D:8)
  4 hounds
  2 jellies (D:5)
  A bullfrog skeleton (D:4)
  A gnoll shaman (D:7)
  6 orc priests
  An iguana (D:5)
  6 orc wizards
  4 hell rats (Lair:1)
  2 killer bee zombies (D:8)
  2 hound zombies (D:5)
  2 hound skeletons
  2 howler monkey zombies
  13 gnolls
  4 adders
  An ufetubus (D:5)
  2 adder skeletons
  5 worms
  3 dart slugs
  21 orcs
  14 endoplasms
  2 giant cockroaches
  8 goblins
  5 hobgoblins
  5 jackals
  5 quokkas
  4 ball pythons
  3 bats
  4 frilled lizards
  22 kobolds
  2 rats
199 creatures vanquished.

Vanquished Creatures (others)
  A centaur zombie (D:8)
  4 fungi
  11 plants (D:4)
16 creatures vanquished.

Grand Total: 215 creatures vanquished

Notes
Turn   | Place    | Note
-------+----------+-------------------------------------------
     0 | D:1      | HallandMoats the Ghoul Monk began the quest for the Orb.
     0 | D:1      | Reached XP level 1. HP: 19/19 MP: 0/0
   110 | D:1      | Reached XP level 2. HP: 22/26 MP: 1/1
   522 | D:1      | Found a faded altar of an unknown god.
   534 | D:1      | Prayed at the altar of an unknown god.
   534 | D:1      | Became a worshipper of Dithmenos the Shadowed
   534 | D:1      | Reached * piety under Dithmenos
   534 | D:1      | Reached ** piety under Dithmenos
   896 | D:2      | Reached XP level 3. HP: 33/33 MP: 2/2
  1062 | D:2      | Reached *** piety under Dithmenos
  1133 | D:2      | Reached skill level 4 in Fighting
  1133 | D:2      | Reached skill level 1 in Armour
  1393 | D:2      | Reached XP level 4. HP: 40/40 MP: 3/3
  2931 | D:4      | Noticed a scorpion
  2941 | D:4      | Killed a scorpion
  2942 | D:4      | Reached XP level 5. HP: 21/47 MP: 4/4
  3287 | D:4      | Found a sacrificial altar of Ru.
  3423 | D:4      | Noticed Edmund
  3626 | D:4      | Noticed a phantom
  3646 | D:4      | Killed a phantom
  3647 | D:4      | Reached skill level 5 in Fighting
  3647 | D:4      | Reached XP level 6. HP: 34/56 MP: 5/5
  3810 | D:4      | Found a staircase to the Ecumenical Temple.
  3811 | D:4      | Identified the +4 hand axe "Irchizan" {vamp, rElec}
  4456 | D:4      | Killed Edmund
  4457 | D:4      | Reached XP level 7. HP: 38/61 MP: 6/6
  4581 | D:5      | Entered Level 5 of the Dungeon
  4829 | D:5      | Reached skill level 6 in Fighting
  4829 | D:5      | Reached skill level 5 in Axes
  4834 | D:5      | Reached **** piety under Dithmenos
  5027 | D:5      | Reached XP level 8. HP: 67/71 MP: 7/7
  5361 | D:5      | Reached skill level 7 in Fighting
  5798 | D:6      | Noticed Duvessa
  5798 | D:6      | Noticed Dowan
  6139 | D:6      | Killed Duvessa
  6139 | D:6      | HP: 3/73 [Dowan/stone arrow (17)]
  6140 | D:6      | Killed Dowan
  6674 | D:6      | Reached XP level 9. HP: 81/81 MP: 8/8
  6820 | D:6      | Reached skill level 8 in Fighting
  6820 | D:6      | Reached skill level 5 in Dodging
  7390 | D:7      | Found Zoyhipt's Weapon Emporium.
  7808 | D:7      | Reached skill level 9 in Fighting
  7814 | D:7      | Reached ***** piety under Dithmenos
  8083 | D:8      | Reached XP level 10. HP: 91/91 MP: 9/9
  8105 | D:8      | Reached skill level 5 in Armour
  8153 | D:8      | Noticed Joseph
  8363 | D:8      | Killed Joseph
  8755 | D:8      | Found a staircase to the Lair.
  8861 | D:8      | Noticed a boulder beetle
  8871 | D:8      | Reached skill level 10 in Fighting
  9115 | Lair:1   | Entered Level 1 of the Lair of Beasts
  9258 | Lair:1   | Slain by a hell rat

Illustrated notes

Levels and vault maps discovered:
D:1:      dpeg_arrival_tiny_i, layout_rooms, basic_ecumenical_altar
D:2:      layout_basic, wad_floor_pattern_1
D:3:      layout_basic, nicolae_wormholes
D:4:      layout_basic, nicolae_ru_the_path_less_chosen, temple_green,
          st_stairs_8, uniq_edmund
D:5:      layout_gridville, st_stairs_10, kennysheep_potato
D:6:      layout_gridville, dk_noncrumbling_2, uniq_duvessa
D:7:      layout_basic, serial_shops, nicolae_shop_bloodbath_and_beyond
D:8:      cheibrodos_fzero, layout_basic, dpeg_oklobed_lair, uniq_joseph
Lair:1:   layout_misc_corridors, infiniplex_staircase_pool_2, lemuel_fruit_tree,
          grunt_megastairs_3

Skill      XL: |  1  2  3  4  5  6  7  8  9 10 |
---------------+-------------------------------+-----
Axes           | 3 4 5 6 7 8 |  8.5
Fighting       | 4 5 6 7 9 10 | 10.3
Armour         | 1 2 3 4 5 |  5.5
Dodging        | 3 4 5 6 |  6.2
Stealth        | |  2.1

Action                   |  1- 3 |  4- 6 |  7- 9 | 10-12 || total
-------------------------+-------+-------+-------+-------++-------
Melee: Hand axe          |   100 |   173 |   307 |   166 ||   746
       Punch             |     2 |     1 |     2 |     4 ||     9
Throw: Dart              |       |       |       |     7 ||     7
  Use: Scroll            |       |     8 |     5 |     1 ||    14
       Potion            |       |     1 |     1 |       ||     2
 Stab: Sleeping          |     2 |     2 |       |       ||     4
Armor: Robe              |     7 |       |       |       ||     7
       Ring mail         |    10 |    31 |    95 |    45 ||   181
Dodge: Dodged            |    76 |   100 |   219 |   108 ||   503

Table legend: (Time is in decaauts)
 A = Elapsed time spent in this place.
 B = Non-inter-level travel time spent in this place.
 C = Inter-level travel time spent in this place.
 D = Time resting spent in this place.
 E = Time spent auto-exploring this place.
 F = Levels seen in this place.
 G = Mean time per level.
                   A        B        C        D        E       F      G
               +--------+--------+--------+--------+--------+-----+--------+
         Total |   9272 |   9083 |    189 |   1529 |   5731 |   9 | 1030.2 |
       Dungeon |   9134 |   8945 |    189 |   1462 |   5726 |   8 | 1141.8 |
          Lair |    138 |    138 |      0 |     67 |      5 |   1 |  138.0 |
               +--------+--------+--------+--------+--------+-----+--------+

Top non-repeatable levels by time:
     D:4: 1815 daAuts
     D:5: 1680 daAuts
     D:3: 1256 daAuts
     D:8: 968 daAuts
     D:6: 873 daAuts
     D:1: 866 daAuts
     D:2: 844 daAuts
     D:7: 829 daAuts
  Lair:1: 138 daAuts
